 Dungeon Crawl Stone Soup version 0.20.0-15-g7f486f2 (webtiles) character file.

151 elan the Chopper (level 5, -1/49 HPs)
             Began as a Naga Fighter on June 24, 2017.
             Slain by an iguana (10 damage)
             ... on level 3 of the Dungeon.
             The game lasted 00:02:37 (2247 turns).

elan the Chopper (Naga Fighter)                     Turns: 2247, Time: 00:02:38

Health: -1/49      AC:  5    Str: 23    XL:     5   Next: 33%
Magic:  5/5        EV:  5    Int:  9    God:
Gold:   102        SH:  9    Dex: 11    Spells: 4/4 levels left

rFire    . . .     SeeInvis +   a - +0 war axe
rCold    . . .     Gourm    .   c - +0 shield
rNeg     . . .     Faith    .   b - +0 scale mail
rPois    +         Spirit   .   (no helmet)
rElec    .         Reflect  .   (no cloak)
rCorr    .         Harm     .   (no gloves)
MR       .....                  (no barding)
Stlth    ..........             (no amulet)
Regen    0.2/turn               (no ring)
MPRegen  0.1/turn               (no ring)

@: mighty, very slow
A: see invisible, deformed body, poison resistance, slowness 2, slow metabolism
1, spit poison 1, AC +1
a: Spit Poison


You were on level 3 of the Dungeon.
You were hungry.

You visited 1 branch of the dungeon, and saw 3 of its levels.

You collected 102 gold pieces.

Inventory:

Hand Weapons
 a - a +0 war axe (weapon)
Missiles
 g - 5 javelins
 h - 56 stones (quivered)
Armour
 b - a +0 scale mail (worn)
 c - a +0 shield (worn)
Jewellery
 n - an uncursed ring of stealth {unknown}
Scrolls
 i - a scroll of noise {unknown}
 j - 2 scrolls of remove curse {unknown}
 k - a scroll of teleportation {unknown}
 o - a scroll of identify {unknown}
Potions
 d - a potion of might
 e - a potion of curing {unknown}
 l - 2 potions of magic {unknown}
 m - a potion of resistance {unknown}
Comestibles
 f - 3 bread rations


   Skills:
 - Level 3.0 Fighting
 * Level 4.6 Axes
 - Level 2.4 Armour
 + Level 3.3 Shields


You had 4 spell levels left.
You didn't know any spells.

Dungeon Overview and Level Annotations

Branches:
Dungeon (3/15)

Altars:
Dithmenos


Innate Abilities, Weirdness & Mutations

You cannot wear boots.
Your serpentine skin is tough. (AC +1)
You have supernaturally acute eyesight. (SInv)
Armour fits poorly on your strangely shaped body.
Your system is resistant to poisons. (rPois)
You cover ground very slowly.
You have a slow metabolism.
You can spit poison.


Message History

The iguana is heavily wounded.
The iguana looks more healthy.
The iguana completely misses you.
Your shield and scale mail prevent you from hitting the iguana.
The iguana is severely wounded.
The iguana bites you!
* * * LOW HITPOINT WARNING * * *
Use which ability? (? or * to list)
Press: ? - help, Shift-Dir - straight line, f/p - iguana
Aim: an iguana (severely wounded)
The splash of poison hits the iguana.
The iguana appears unharmed.
The iguana is severely wounded.
You feel slightly more hungry. You block the iguana's attack.
The iguana barely misses you.
You feel very mighty all of a sudden. You block the iguana's attack.
You closely miss the iguana.
The iguana is severely wounded.
You have got your breath back.
The iguana bites you!
You die...

### #.. #.# #.# #.# .#
# #.# .# # #.#l##
##.###.###
#...@#######.........
#..#..........##.####
##..........#....#
###.##...#..#..##
.........###.....#####
###..##..###..##......
..... ##..#..###..####
###.. ##.....##...##
.................#


You could see an iguana.

Vanquished Creatures
  4 gnolls (D:2)
  5 adders
  4 worms
  A dart slug (D:1)
  A leopard gecko (D:1)
  4 orcs (D:3)
  6 giant cockroaches
  3 goblins
  5 hobgoblins
  4 jackals (D:1)
  A quokka (D:3)
  A ball python (D:2)
  5 bats
  3 frilled lizards
  4 kobolds
  5 rats
56 creatures vanquished.

Vanquished Creatures (others)
  5 toadstools (D:1)
5 creatures vanquished.

Grand Total: 61 creatures vanquished

Notes
Turn   | Place    | Note
-------+----------+-------------------------------------------
     0 | D:1      | elan the Naga Fighter began the quest for the Orb.
     0 | D:1      | Reached XP level 1. HP: 21/21 MP: 1/1
   244 | D:1      | Reached XP level 2. HP: 28/28 MP: 2/2
   256 | D:1      | Reached skill level 3 in Axes
   682 | D:1      | Reached XP level 3. HP: 34/34 MP: 3/3
  1412 | D:2      | Reached XP level 4. HP: 40/42 MP: 4/4
  1421 | D:2      | Reached skill level 4 in Axes
  1869 | D:2      | Reached XP level 5. HP: 47/49 MP: 5/5
  2211 | D:3      | Found a shadowy altar of Dithmenos.
  2247 | D:3      | Slain by an iguana

Skill      XL: |  1  2  3  4 |
---------------+-------------+-----
Axes           | 3 4 |  4.6
Shields        | 3 |  3.3
Fighting       | |  3.0
Armour         | |  2.4

Action                   |  1- 3 |  4- 6 || total
-------------------------+-------+-------++-------
Melee: War axe           |   104 |    62 ||   166
 Abil: Spit Poison       |    15 |    11 ||    26
  Use: Potion            |       |     1 ||     1
  Eat: Chunk             |     2 |     2 ||     4
Armor: Scale mail        |    61 |    19 ||    80
Dodge: Dodged            |    30 |     9 ||    39
Block: Shield            |    55 |    32 ||    87
